 Dungeon Crawl Stone Soup version 0.21.1-1-g345015fe64 (webtiles) character file.

2524 Naridas the Carver (level 9, -2/61 HPs)
             Began as an Octopode Fighter on July 19, 2018.
             Was an Initiate of Dithmenos.
             Slain by an orc warrior
             ... wielding a +0 mace
              (14 damage)
             ... on level 7 of the Dungeon.
             The game lasted 00:28:06 (9238 turns).

Naridas the Carver (Octopode Fighter)               Turns: 9238, Time: 00:28:06

Health: -2/61      AC:  1    Str: 15    XL:     9   Next: 54%
Magic:  9/9        EV: 14    Int: 10    God:    Dithmenos [......]
Gold:   340        SH: 12    Dex: 15    Spells: 8/8 levels left

rFire    . . .     SeeInvis .   o - +2 long sword (slice)
rCold    . . .     Gourm    .   x - +2 shield
rNeg     . . .     Faith    .   (helmet restricted)
rPois    .         Spirit   .   (no amulet)
rElec    .         Reflect  .   (no ring)
rCorr    .         Harm     .   (no ring)
MR       .....                  (no ring)
Stlth    ++++......             (no ring)
HPRegen  0.20/turn              (no ring)
MPRegen  0.11/turn              (no ring)
                                (no ring)
                                (no ring)

@: drained
A: almost no armour, stealthy swim, amphibious, 8 rings, constrict 8, camouflage
1, gelatinous body 1
a: Renounce Religion


You were on level 7 of the Dungeon.
You worshipped Dithmenos.
Dithmenos was noncommittal.
You were not hungry.

You visited 2 branches of the dungeon, and saw 8 of its levels.
You also visited: Ossuary.

You collected 340 gold pieces.

Inventory:

Hand Weapons
 n - a +0 blowgun
 o - a +2 long sword of slicing (weapon)
Missiles
 c - 25 poisoned needles
Armour
 x - a +2 shield (worn)
Jewellery
 r - an uncursed ring of see invisible {unknown}
Wands
 b - a wand of scattershot (6)
 v - a wand of enslavement (14)
Scrolls
 a - a scroll of fear {unknown}
 i - 2 scrolls of amnesia {unknown}
 j - 2 scrolls of remove curse
 k - 2 scrolls of immolation {unknown}
 l - 3 scrolls of enchant armour {unknown}
 p - 7 scrolls of teleportation
 q - 2 scrolls of enchant weapon {unknown}
 w - a scroll of blinking {unknown}
Potions
 e - 7 potions of curing
 f - a potion of mutation {unknown}
 g - 2 potions of resistance
 h - 2 potions of flight
 m - a potion of brilliance {unknown}
 s - a potion of lignification {unknown}
 u - 2 potions of berserk rage
Comestibles
 d - 11 rations
 t - a chunk of flesh


   Skills:
 - Level 5.0(4.9) Fighting
 - Level 8.0(7.9) Long Blades
 - Level 3.6 Throwing
 - Level 5.2(5.1) Dodging
 - Level 5.0(4.9) Stealth
 + Level 6.6(6.5) Shields


You had 8 spell levels left.
You didn't know any spells.

Dungeon Overview and Level Annotations

Branches:
Dungeon (7/15)             Temple (1/1) D:6

Altars:
Ashenzari
Cheibriados
Dithmenos
Elyvilon
Gozag
Hepliaklqana
Makhleb
Nemelex Xobeh
Okawaru
Qazlal
Ru
Trog
Uskayaw
Vehumet
Wu Jian
Xom
Yredelemnul
Zin
The Shining One


Innate Abilities, Weirdness & Mutations

You cannot wear most types of armour.
You are very stealthy in the water. (Stealth+)
You are amphibious.
You can wear up to eight rings at the same time.
You can use your tentacles to constrict eight enemies at once.
Your skin changes colour to match your surroundings (Stealth+).
Your rubbery body absorbs attacks. (AC +1, EV +1)


Message History

Dithmenos accepts your kill.
You completely miss the orc warrior. Your grab misses the orc warrior.
You block the orc warrior's attack.
You hit the orc warrior but do no damage.
Your grab misses the orc warrior.
You squeeze the orc warrior, but do no damage.
The orc warrior hits you with a mace.
You slash the orc warrior! Your grab misses the orc warrior.
The orc warrior is moderately wounded.
The orc warrior hits you with a mace!!
You completely miss the orc warrior. You grab the orc warrior.
You squeeze the orc warrior!
The orc warrior is heavily wounded.
You constrict the orc warrior. The orc warrior hits you with a mace!!
* * * LOW HITPOINT WARNING * * *
You hit the orc warrior.
The orc warrior is severely wounded.
You constrict the orc warrior, but do no damage.
The orc warrior hits you with a mace!
You die...

.####### #...# .#
......<#########.#.##.#
...............>......#
################....###
###.....#..#
...........#
.##...#.#..# ###.#.#.##
#.#@# . . #o# ## # #o#
.o. ###


You could see an orc warrior and 2 orcs.

Vanquished Creatures
  Grinder (D:3)
  Sigmund (D:3)
  The ghost of kalosz4 the Covert, an amateur OpAs (D:3)
  An orc warrior (D:6)
  2 phantoms
  3 ogres
  A centaur (D:5)
  Blork the orc (D:4)
  A bullfrog (D:6)
  4 water moccasin zombies (Ossuary)
  5 wights (D:6)
  A howler monkey (D:4)
  3 crimson imps
  A jelly (D:6)
  4 orc wizards
  3 hounds (D:6)
  2 orc priests
  Crazy Yiuf (D:6)
  A bullfrog skeleton (D:6)
  5 worker ants
  2 big kobold zombies (Ossuary)
  2 mummies (Ossuary)
  Robin (D:3)
  7 adders
  A shadow imp (D:6)
  2 oozes
  4 adder zombies (Ossuary)
  An adder skeleton (D:4)
  2 worms (D:2)
  A dart slug (D:1)
  A leopard gecko (D:6)
  16 orcs
  A ball python (D:3)
  9 giant cockroaches
  5 gnoll zombies (Ossuary)
  18 goblins
  5 hobgoblins
  7 jackals
  3 quokkas
  6 bats
  5 frilled lizards
  A giant cockroach zombie (D:6)
  4 hobgoblin zombies (Ossuary)
  5 kobolds
  7 kobold zombies (Ossuary)
  2 orc zombies (Ossuary)
  6 rats
166 creatures vanquished.

Vanquished Creatures (others)
  A plant (D:7)
1 creature vanquished.

Grand Total: 167 creatures vanquished

Notes
Turn   | Place    | Note
-------+----------+-------------------------------------------
     0 | D:1      | Naridas the Octopode Fighter began the quest for the Orb.
     0 | D:1      | Reached XP level 1. HP: 16/16 MP: 1/1
   215 | D:1      | Reached XP level 2. HP: 21/21 MP: 2/2
   238 | D:1      | Reached skill level 3 in Long Blades
   573 | D:1      | Reached XP level 3. HP: 26/26 MP: 3/3
  1432 | D:2      | Reached skill level 4 in Long Blades
  1501 | D:3      | Reached XP level 4. HP: 28/31 MP: 4/4
  1535 | D:3      | Noticed kalosz4's ghost (amateur OpAs)
  1623 | D:2      | Reached skill level 5 in Long Blades
  1623 | D:2      | Reached XP level 5. HP: 16/36 MP: 5/5
  2838 | D:3      | Killed kalosz4's ghost
  2838 | D:3      | Reached XP level 6. HP: 12/44 MP: 6/6
  3207 | D:3      | Noticed Robin
  3299 | D:3      | Killed Robin
  3315 | D:3      | Noticed Grinder
  3592 | D:3      | Noticed Sigmund
  3841 | D:4      | Noticed a phantom
  3943 | D:4      | Reached skill level 5 in Fighting
  4303 | D:4      | Reached XP level 7. HP: 50/50 MP: 7/7
  4342 | D:3      | Killed Grinder
  4342 | D:3      | Reached skill level 5 in Shields
  4701 | D:4      | Noticed Blork the orc
  4726 | D:4      | Killed Blork the orc
  5100 | D:4      | Reached skill level 5 in Dodging
  5100 | D:4      | Reached XP level 8. HP: 34/55 MP: 8/8
  5262 | D:5      | Entered Level 5 of the Dungeon
  5356 | D:5      | Found a burning altar of Makhleb.
  5358 | D:5      | Found a glowing silver altar of Zin.
  5358 | D:5      | Noticed an angel
  5358 | D:5      | Noticed a cacodemon
  5405 | D:4      | Reached skill level 1 in Throwing
  6577 | D:3      | Killed Sigmund
  6642 | D:6      | Found a sand-covered staircase.
  6647 | Ossuary  | Entered an ossuary
  6948 | Ossuary  | Reached skill level 5 in Stealth
  7179 | Ossuary  | Reached skill level 6 in Long Blades
  7283 | Ossuary  | Reached XP level 9. HP: 41/61 MP: 9/9
  7511 | D:6      | Found a staircase to the Ecumenical Temple.
  7561 | Temple   | Entered the Ecumenical Temple
  7638 | Temple   | Became a worshipper of Dithmenos the Shadowed
  8065 | D:6      | Reached skill level 7 in Long Blades
  8163 | D:6      | Found an iron altar of Okawaru.
  8344 | D:6      | Found a runed door.
  8522 | D:6      | Reached skill level 8 in Long Blades
  8559 | D:6      | Found a basalt altar of Yredelemnul.
  8562 | D:6      | Found a sacrificial altar of Ru.
  8562 | D:6      | Found a sparkling altar of Nemelex Xobeh.
  9149 | D:6      | Noticed Crazy Yiuf
  9153 | D:6      | Killed Crazy Yiuf
  9238 | D:7      | Slain by an orc warrior

Skill      XL: |  1  2  3  4  5  6  7  8  9 |
---------------+----------------------------+-----
Long Blades    | 3 4 5 6 8 |  8.0
Fighting       | 4 5 |  5.0
Shields        | 4 5 6 |  6.6
Dodging        | 5 |  5.2
Throwing       | 3 |  3.6
Stealth        | 5 |  5.0

Action                   |  1- 3 |  4- 6 |  7- 9 || total
-------------------------+-------+-------+-------++-------
Melee: Long sword        |    66 |   121 |   210 ||   397
       Constrict         |    20 |    24 |    63 ||   107
       Tentacles         |    13 |    21 |    62 ||    96
 Fire: Blowgun           |       |       |    12 ||    12
Evoke: Wand              |       |     3 |     3 ||     6
  Use: Potion            |       |     2 |     1 ||     3
       Scroll            |       |     1 |     6 ||     7
 Stab: Sleeping          |     4 |     1 |    10 ||    15
  Eat: Chunk             |     2 |     5 |     9 ||    16
       Ration            |       |     1 |     2 ||     3
Armor: Skin              |     4 |     2 |     3 ||     9
Dodge: Dodged            |    29 |    47 |    72 ||   148
Block: Shield            |    27 |    55 |    99 ||   181
       Rpst.: Long sword |    11 |    10 |    24 ||    45
